 Dungeon Crawl Stone Soup version 0.17-a0-157-g289cc6a (webtiles) character file.

90 MackTheKnife the Skirmisher (level 4, 0/25 HPs)
             Began as a Vine Stalker Wanderer on Mar 27, 2015.
             Succumbed to an adder's poison
             ... on level 2 of the Dungeon.
             The game lasted 00:02:17 (1143 turns).

MackTheKnife the Skirmisher (Vine Stalker Wanderer) Turns: 1143, Time: 00:02:18

Health: 0/25       AC:  2    Str: 14    XL:     4   Next: 56%
Magic:  4/8        EV: 11    Int: 12    God:
Gold:   73         SH:  0    Dex: 15    Spells: 0 memorised, 7 levels left

rFire  . . .     SeeInvis .     a - +2 spear
rCold  . . .     Clarity  .     d - +0 robe
rNeg   . . .     SustAb   .     (no shield)
rPois  .         Gourm    .     (no helmet)
rElec  .         Spirit   +     (no cloak)
rCorr  .         Warding  .     (no gloves)
rMut   .         Stasis   .     (no boots)
MR     .....                    (no amulet)
Stlth  ++........               (no ring)
                                (no ring)

@: lethally poisoned (0 -> -2), not resistant to hostile enchantments,
unstealthy
A: fangs 2, regeneration 1, magic shield, antimagic bite, no device heal 3, rot
immunity
a: no special abilities


You were on level 2 of the Dungeon.
You were not hungry.

You visited 1 branch of the dungeon, and saw 2 of its levels.

You collected 73 gold pieces.

Inventory:

Hand weapons
 a - a +2 spear (weapon)
Armour
 d - a +0 robe (worn)
Scrolls
 e - 2 scrolls of teleportation {unknown}
 g - a scroll of fog {unknown}
 i - 2 scrolls of identify {unknown}
 l - a scroll of immolation {unknown}
Potions
 h - a potion of beneficial mutation {unknown}
 j - a potion of might {unknown}
 k - a potion of heal wounds
Books
 b - the Handbook of the Escort

   Spells                             Type                      Level
   a - Summon Butterflies             Summoning                    1
   b - Abjuration                     Summoning                    3
 c - the Reference Book on Moulding

   Spells                             Type                      Level
   a - Sticks to Snakes               Transmutation                2
   b - Stoneskin                      Transmutation/Earth          2
Comestibles
 f - 2 bread rations {@e1}
 m - 2 fruits


   Skills:
 + Level 4.2 Fighting
 - Level 1.0 Armour
 - Level 1.2 Stealth
   Level 1.0 Shields
 - Level 2.1 Spellcasting
   Level 3.0 Transmutations


You had 7 spell levels left.
You didn't know any spells.

Dungeon Overview and Level Annotations

Branches:
Dungeon (2/15)

Altars:


Innate Abilities, Weirdness & Mutations

You have extremely sharp teeth.
Your natural rate of healing is unusually fast.
When hurt, damage is shared between your health and your magic reserves.
Your bite disrupts and absorbs the magic of your enemies.
Potions and wands cannot restore your health.
You are immune to rotting.


Message History

You feel sick. The adder bites you.
You take 3 damage, and have 20/25 hp.
You now have 7/8 mp.
You hit the adder. The adder barely misses you.
The adder bites you but does no damage.
You hit the adder. Your bite misses the adder.
You feel sick. The adder bites you.
You take 3 damage, and have 18/25 hp.
You miss the adder. Your bite misses the adder. The adder bites you.
The adder closely misses you.
You now have 6/8 mp.
You hit the adder.
You kill the adder!
Your Fighting skill increases to level 4!
No target in view!
No target in view!
No target in view!
Unknown command.
You start resting.
You feel sick.
You feel sick. x4
You are no longer poisoned.
You take 1 damage, and have 18/25 hp.
MP restored: 8 You start resting.
Health restored: 25 You start waiting.
A quokka comes up the stairs.
An adder comes into view.
You see here an adder corpse.
You hit the quokka.
You kill the quokka!
Attack whom?
Aim: an adder You reach to attack!
You closely miss the adder. The adder bites you.
You are poisoned.
The adder poisons you!
You take 2 damage, and have 23/25 hp.
You now have 7/8 mp.
You hit the adder.
You feel sick. The adder barely misses you.
You take 1 damage, and have 22/25 hp.
You hit the adder. The adder bites you. The adder closely misses you.
You take 1 damage, and have 21/25 hp.
You hit the adder.
You feel sick. The adder bites you.
You take 3 damage, and have 18/25 hp.
You hit the adder. The adder bites you.
You are more poisoned.
The adder poisons you! The adder bites you.
You take 1 damage, and have 17/25 hp.
You now have 6/8 mp.
You hit the adder.
You feel sick. The adder bites you.
You take 4 damage, and have 13/25 hp.
You now have 5/8 mp.
You are too injured to fight recklessly!
You are too injured to fight recklessly!
You are too injured to fight recklessly!
You are too injured to fight recklessly!
You are too injured to fight recklessly!
Unknown command.
You are too injured to fight recklessly!
You hit the adder. The adder barely misses you.
The adder bites you but does no damage.
You closely miss the adder. Your bite misses the adder.
You feel sick. The adder bites you.
You are more poisoned.
The adder poisons you!
You take 4 damage, and have 10/25 hp.
You now have 4/8 mp.
You miss the adder.
You feel sick. The adder bites you.
* * * LOW HITPOINT WARNING * * *
You are lethally poisoned!
The adder poisons you! The adder barely misses you.
You take 3 damage, and have 7/25 hp.
You now have 3/8 mp.
You hit the adder.
You kill the adder!
* * * LOW HITPOINT WARNING * * *
You feel sick.
Unknown command.
* * * LOW HITPOINT WARNING * * *
You feel sick.
You take 1 damage, and have 6/25 hp.
* * * LOW HITPOINT WARNING * * *
You feel sick.
You see here an adder corpse.
You take 2 damage, and have 4/25 hp.
* * * LOW HITPOINT WARNING * * *
You feel sick.
* * * LOW HITPOINT WARNING * * *
You feel sick.
You take 1 damage, and have 3/25 hp.
Unknown command.
Drink which item? (? for menu, Esc to quit)
It was a potion of heal wounds.
That seemed strangely inert.
* * * LOW HITPOINT WARNING * * *
You feel sick.
You take 1 damage, and have 2/25 hp.
There is a lethal amount of poison in your body!
Unknown command.
There is a lethal amount of poison in your body!
Unknown command.
* * * LOW HITPOINT WARNING * * *
You feel sick.
You take 1 damage, and have 1/25 hp.
* * * LOW HITPOINT WARNING * * *
You feel sick.
You die...

##### #....
#.############## #.###
....>...........###
#.# #....†..@....# #.#
#.###.##.....# #.# . #
#.##.....# #.# ...
..##.....########.#
#..
#####..............###
#.# ###.#.#######...<.
#.# #.#.# #...†. #.#
#.#.#######..### #.#
#............#


There were no monsters in sight!

Vanquished Creatures
  3 adders (D:2)
  A giant mite (D:2)
  A worm (D:2)
  2 giant geckos
  An ooze (D:1)
  A giant cockroach (D:1)
  A hobgoblin (D:1)
  7 jackals
  3 quokkas (D:2)
  11 bats
  2 giant newts (D:1)
  3 goblins
  7 kobolds
  4 rats (D:1)
47 creatures vanquished.

Notes
Turn   | Place    | Note
--------------------------------------------------------------
     0 | D:1      | MackTheKnife, the Vine Stalker Wanderer, began the quest for the Orb.
     0 | D:1      | MackTheKnife set off with: a +2 spear, the Handbook of the Escort, the Reference Book on Moulding, a +0 robe, a bread ration {@e1}
     0 | D:1      | Reached XP level 1. HP: 11/11 MP: 3/3
    34 | D:1      | Reached skill level 2 in Fighting
   150 | D:1      | Reached XP level 2. HP: 8/16 MP: 5/5
   389 | D:1      | Reached skill level 3 in Fighting
   410 | D:1      | Reached XP level 3. HP: 20/20 MP: 4/7
   888 | D:2      | Reached XP level 4. HP: 13/25 MP: 4/8
  1015 | D:2      | Reached skill level 4 in Fighting
  1134 | D:2      | HP: 6/25 [poisoned by an adder]
  1139 | D:2      | HP: 2/25 [poisoned by an adder]
  1143 | D:2      | Succumbed to an adder's poison

Action                   |  1- 3 |  4- 6 || total
-------------------------+-------+-------++-------
Melee: Spear             |   127 |    35 ||   162
  Use: Potion            |       |     1 ||     1
 Stab: Sleeping          |     8 |       ||     8
  Eat: Chunk             |       |     1 ||     1

Vault maps used:
D:1:      grunt_arrival_crossed_arrows

Table legend:
 A = Turns spent in this place as a percentage of turns spent in the entire game.
 B = Non-inter-level travel turns spent in this place as a percentage of non-inter-level travel turns spent in the entire game.
 C = Inter-level travel turns spent in this place as a percentage of turns spent in this place.
 D = Turns resting spent in this place as a percentage of non-inter-level travel turns spent in this place.
 E = Turns spent auto-exploring this place as a percentage of non-inter-level travel turns spent in this place.
 F = Non-inter-level travel turns spent in this place divided by the number of levels of this place that you've seen.
                   A       B       C       D       E      F
               +-------+-------+-------+-------+-------+----------------------
         Total | 100.0 | 100.0 |   0.2 |   3.5 |  10.4 | 226.5
       Dungeon | 100.0 | 100.0 |   0.2 |   3.5 |  10.4 | 226.5
               +-------+-------+-------+-------+-------+----------------------

Table legend:
 A = Kills in this place as a percentage of kills in entire the game.
 B = Kills by you in this place as a percentage of kills by you in the entire game.
 C = Kills by friends in this place as a percentage of kills by friends in the entire game.
 D = Other kills in this place as a percentage of other kills in the entire game.
 E = Experience gained in this place as a percentage of experience gained in the entire game.
 F = Experience gained in this place divided by the number of levels of this place that you have seen.
                   A       B       C       D       E      F
               +-------+-------+-------+-------+-------+----------------------
         Total | 100.0 | 100.0 |  -nan |  -nan | 100.0 |  64.5
       Dungeon | 100.0 | 100.0 |  -nan |  -nan | 100.0 |  64.5
               +-------+-------+-------+-------+-------+----------------------
